 Dungeon Crawl Stone Soup version 0.26-a0-966-gd078a86f14 (webtiles) character file.

Game seed: 16480863343100112338

33723 Myron the Geomancer (level 13, -1/78 HPs)
             Began as a Gargoyle Earth Elementalist on Dec 3, 2020.
             Was a High Priest of Vehumet.
             Slain by Azrael
             ... wielding a +2 scimitar of flaming
              (2 damage)
             ... on level 14 of the Dungeon.
             The game lasted 00:56:15 (15874 turns).

Myron the Geomancer (Gargoyle Earth Elementalist)  Turns: 15874, Time: 00:56:15

Health: -1/78      AC: 23    Str: 11    XL:     13   Next: 72%
Magic:  34/34      EV: 15    Int: 22    God:    Vehumet [*****.]
Gold:   2050       SH:  0    Dex: 13    Spells: 5/28 levels left

rFire    + . .     SeeInvis .   M - +7 rapier of Caenkile {vorpal, +Rage +Inv Dex+3}
rCold    + . .     Faith    .   (no shield)
rNeg     + . .     Spirit   .   a - +4 steam dragon scales
rPois    ∞         Reflect  .   w - +0 hat
rElec    +         Harm     .   L - +2 cloak
rCorr    +         Rampage  .   (no gloves)
MR       .....                  (no boots)
Stlth    ++........             o - amulet of regeneration
HPRegen  0.63/turn              H - ring of magical power
MPRegen  0.24/turn              c - ring of wizardry

@: brilliant, resistant
A: talons 1, blink, negative energy resistance 1, electricity resistance, wild
magic 1, unbreathing, petrification resistance, rot immunity, AC +9
a: Blink, Renounce Religion, Evoke Berserk Rage, Evoke Invisibility


You were on level 14 of the Dungeon.
You worshipped Vehumet.
Vehumet was extremely pleased with you.
You visited 2 branches of the dungeon, and saw 15 of its levels.
You also visited: Bailey.

You collected 2235 gold pieces.
You spent 185 gold pieces at shops.

Inventory:

Hand Weapons
 m - a +1 morningstar
 M - the +7 rapier of Caenkile (weapon) {vorpal, +Rage +Inv Dex+3}
   (You found it on level 10 of the Dungeon)

   It inflicts extra damage upon your enemies.
   It affects your dexterity (+3).
   It lets you turn invisible.
   It lets you go berserk.
Missiles
 b - 164 stones (quivered)
 s - 5 throwing nets
Armour
 a - +4 steam dragon scales (worn)
 w - a +0 hat (worn)
 I - a +2 leather armour of cold resistance
 L - a +2 cloak (worn)
Magical Staves
 i - an uncursed staff of cold
Jewellery
 c - a ring of wizardry (right hand)
 o - an amulet of regeneration (around neck)
 E - an uncursed ring of resist corrosion
 F - an uncursed ring of see invisible
 H - a ring of magical power (left hand)
Wands
 e - a wand of random effects (7)
 u - a wand of flame (11)
 K - a wand of enslavement (18)
 O - a wand of digging (8)
Scrolls
 f - 11 scrolls of remove curse
 g - 9 scrolls of teleportation
 j - a scroll of magic mapping
 x - 2 scrolls of fear
 y - 2 scrolls of immolation
 D - a scroll of amnesia
 G - a scroll of enchant weapon
 J - a scroll of fog
 N - 4 scrolls of identify
Potions
 h - 3 potions of attraction
 k - 6 potions of curing
 l - 3 potions of lignification
 n - a potion of mutation
 p - a potion of flight
 r - 3 potions of magic
 t - 2 potions of cancellation
 v - 3 potions of resistance
 z - 2 potions of might
 A - a potion of berserk rage
 B - 3 potions of ambrosia
 C - 3 potions of haste
 P - 2 potions of invisibility
 R - a potion of experience


   Skills:
 + Level 8.2 Fighting
 + Level 7.5 Maces & Flails
 - Level 6.0 Armour
 + Level 6.5 Dodging
 - Level 2.1 Stealth
 + Level 8.3 Spellcasting
 + Level 9.3 Conjurations
 - Level 0.7 Transmutations
 * Level 8.2 Fire Magic
 + Level 11.1 Earth Magic
 + Level 6.3 Evocations


You had 5 spell levels left.
You knew the following spells:

 Your Spells              Type           Power        Failure   Level
a - Sandblast             Erth           ######       1%          1
b - Stone Arrow           Conj/Erth      ######       1%          3
c - Lee's Rapid Deconstr  Erth           #######...   1%          5
d - Mephitic Cloud        Conj/Pois/Air  #####...     1%          3
e - Bolt of Magma         Conj/Fire/Erth #######...   1%          5
f - Starburst             Conj/Fire      #######...   4%          6

Your spell library contained the following spells:

 Spells                   Type           Power        Failure   Level
 Fulminant Prism          Conj/Hex       ######....   1%          4
 Passwall                 Tmut/Erth      ######..     1%          2
 Petrify                  Tmut/Erth      ######..     4%          4
 Confusing Touch          Hex            ###.....     12%         3
 Gell's Gravitas          Tloc           ###.......   12%         3
 Yara's Violent Unravell  Hex/Tmut       ###.......   21%         5
 Metabolic Englaciation   Hex/Ice        ###.......   65%         5


Dungeon Overview and Level Annotations

Branches:
Dungeon (14/15)            Temple (1/1) D:4            Lair (0/6) D:9
    Orc (0/2) D:11         Bailey (visited)
 Vaults: D:13-14

Altars:
Ashenzari
Cheibriados
Dithmenos
Elyvilon
Fedhas
Gozag
Makhleb
Nemelex Xobeh
Okawaru
Qazlal
Ru
Sif Muna
Trog
Uskayaw
Vehumet
Wu Jian
Xom
Yredelemnul
Zin
The Shining One
Lugonu

Shops:
D:4 ?   D:11 =   D:13 (

Annotations:
D:7 2 transporters, floatboth's ghost, novice TeCj
D:14 Azrael


Innate Abilities, Weirdness & Mutations

You are resistant to torment.
Your stone body is resilient. (AC +9)
You are immune to poison.
You resist negative energy. (rN+)
You are resistant to electric shocks. (rElec)
You can survive without breathing.
You are immune to petrification.
You are immune to rotting.
You have sharp toenails.
You can translocate small distances at will.
Your spells are a little harder to cast, but a little more powerful.


Message History

You hear a croak.
The wraith closely misses you. Azrael gestures at you.
The sphere of damnation explodes!
The damnation engulfs you!!!
Ouch! That really hurt!
* * * LOW HITPOINT WARNING * * *
The damnation engulfs Azrael.
Azrael completely resists.
The damnation engulfs the wraith!!
Unknown command.
Unknown command.
Evoke which item? (* to show all) (? for menu, Esc to quit)
Aiming: Iceblast
Press: ? - help, Shift-Dir - straight line The mass of ice explodes!
The iceblast engulfs Azrael.
Azrael is severely wounded.
The now-empty wand crumbles to dust.
Azrael hits you with a +2 scimitar of flaming!
* * * LOW HITPOINT WARNING * * *
Azrael burns you.
You die...

# #####.#
############......
########..........#......
....##.)(...........# #
....##)#(.........(#...#
....##.#..........(# ..#
....##(#........W..#†..###
.<..'.(#........@R○°)....○
....############'###.....°
....# #.# ###### #+### ..#
####


You could see Azrael and a wraith.

Vanquished Creatures
  Jorgrun (D:11)
  An orc warlord (Bailey)
  Fannar (D:10)
  Harold (D:7)
  Erolcha (D:9)
  A boulder beetle (D:11)
  4 centaur warriors
  A death knight (D:13)
  9 two-headed ogres
  Urug (D:12)
  Sonja (D:13)
  An ugly thing (D:11)
  A manticore (D:11)
  A cyclops (D:14)
  A centaur skeleton (D:13)
  Joseph (D:10)
  Maggie (D:8)
  2 gargoyles
  A troll (D:12)
  9 slime creatures
  A hornet (D:10)
  A shadow (D:12)
  A vampire (D:12)
  A fire elemental (D:14)
  2 wraiths (D:11)
  A steam dragon (D:9)
  6 vampire mosquitoes
  An acid dragon (D:12)
  4 water moccasins
  3 hell hounds (D:14)
  2 ice beasts
  A necrophage (D:5)
  2 black bears
  10 orc warriors
  2 sky beasts
  5 phantoms
  19 ogres
  16 centaurs
  13 bullfrogs
  A gnoll sergeant (D:10)
  A wyvern skeleton (D:11)
  13 scorpions
  4 wights
  8 killer bees
  6 electric eels (D:5)
  4 howler monkeys
  A bullfrog zombie (D:6)
  Crazy Yiuf (D:7)
  3 jellies
  5 centaur zombies
  A gnoll shaman (D:5)
  12 orc priests
  12 hounds
  5 bullfrog skeletons
  Jessica (D:2)
  Terence (D:3)
  12 orc wizards
  7 worker ants
  4 iguanas
  A hound skeleton (D:5)
  A worker ant zombie (D:9)
  16 gnolls
  A howler monkey skeleton (D:10)
  7 adders
  2 shadow imps
  6 white imps
  3 oozes
  An ufetubus (D:10)
  An adder zombie (D:7)
  An adder skeleton (D:4)
  3 worms
  2 dart slugs
  11 leopard geckos
  68 orcs
  6 giant cockroaches
  14 goblins
  11 hobgoblins
  14 jackals
  25 kobolds
  6 quokkas
  4 ball pythons
  9 bats
  9 frilled lizards
  5 rats
460 creatures vanquished.

Vanquished Creatures (others)
  An ogre (D:9)
  A hound (D:9)
  An adder (D:9)
  A leopard gecko (D:9)
  A demonic plant (Temple)
  A fungus (D:9)
  6 plants
12 creatures vanquished.

Grand Total: 472 creatures vanquished

Notes
Turn   | Place    | Note
-------+----------+-------------------------------------------
     0 | D:1      | Myron the Gargoyle Earth Elementalist began the quest for
                  | the Orb.
     0 | D:1      | Reached XP level 1. HP: 10/10 MP: 3/3
   293 | D:1      | Reached XP level 2. HP: 12/15 MP: 5/5
   298 | D:1      | Reached skill level 4 in Earth Magic
   897 | D:1      | Reached XP level 3. HP: 18/19 MP: 7/7
   907 | D:1      | Learned a level 3 spell: Stone Arrow
  1592 | D:2      | Noticed Jessica
  1969 | D:2      | Found a white marble altar of Elyvilon.
  2120 | D:2      | Reached skill level 1 in Conjurations
  2169 | D:2      | Reached XP level 4. HP: 24/24 MP: 8/8
  2629 | D:2      | Killed Jessica
  2630 | D:2      | Reached skill level 5 in Earth Magic
  2845 | D:3      | Reached XP level 5. HP: 28/28 MP: 9/9
  2851 | D:3      | Learned a level 5 spell: Lee's Rapid Deconstruction
  2968 | D:3      | Noticed Terence
  2986 | D:3      | Killed Terence
  3356 | D:3      | Reached XP level 6. HP: 32/32 MP: 9/11
  3693 | D:3      | Reached skill level 6 in Earth Magic
  4031 | D:4      | Reached XP level 7. HP: 20/36 MP: 13/13
  4079 | D:4      | Found a staircase to the Ecumenical Temple.
  4089 | Temple   | Entered the Ecumenical Temple
  4155 | Temple   | Became a worshipper of Vehumet
  4292 | D:4      | Found Ulylock's Magic Scroll Emporium.
  4326 | D:4      | Bought a scroll of fear for 35 gold pieces
  4326 | D:4      | Bought a scroll of immolation for 35 gold pieces
  4326 | D:4      | Bought a scroll of magic mapping for 35 gold pieces
  4326 | D:4      | Bought a scroll of identify for 20 gold pieces
  4326 | D:4      | Bought a scroll of identify for 20 gold pieces
  4326 | D:4      | Bought a scroll of identify for 20 gold pieces
  4326 | D:4      | Bought a scroll of identify for 20 gold pieces
  4424 | D:4      | Gained mutation: You can translocate small distances at
                  | will. [potion of mutation]
  4424 | D:4      | Gained mutation: You have sharp toenails. [potion of
                  | mutation]
  4424 | D:4      | Gained mutation: Your spells are a little harder to cast,
                  | but a little more powerful. [potion of mutation]
  4634 | D:5      | Entered Level 5 of the Dungeon
  4676 | D:5      | Reached * piety under Vehumet
  4676 | D:5      | Offered knowledge of Freeze by Vehumet.
  4677 | D:5      | Reached skill level 1 in Fighting
  4677 | D:5      | Reached skill level 1 in Armour
  4677 | D:5      | Reached skill level 1 in Evocations
  4680 | D:5      | Reached skill level 1 in Maces & Flails
  4739 | D:5      | Reached XP level 8. HP: 43/43 MP: 12/15
  4825 | D:5      | Found a shadowy altar of Dithmenos.
  5278 | D:5      | Reached skill level 5 in Spellcasting
  5278 | D:5      | Reached skill level 7 in Earth Magic
  5314 | D:5      | Reached skill level 5 in Conjurations
  5481 | D:5      | Found a blossoming altar of Fedhas.
  5709 | D:6      | Reached XP level 9. HP: 49/49 MP: 11/16
  5714 | D:6      | Offered knowledge of Foxfire by Vehumet.
  5718 | D:5      | Reached ** piety under Vehumet
  6716 | D:6      | Offered knowledge of Mephitic Cloud by Vehumet.
  6827 | D:6      | Learned a level 3 spell: Mephitic Cloud
  6920 | D:7      | Noticed a deep elf mage
  6929 | D:7      | Noticed floatboth's ghost (novice TeCj)
  6931 | D:7      | Found a transporter.
  6939 | D:7      | Found a transporter.
  6941 | D:7      | Noticed Harold
  6953 | D:7      | Killed Harold
  6954 | D:7      | Reached skill level 8 in Earth Magic
  6954 | D:7      | Reached XP level 10. HP: 20/57 MP: 13/18
  6968 | D:7      | Reached *** piety under Vehumet
  7115 | D:7      | Found a broken altar of Ashenzari.
  7395 | D:7      | Found a runed translucent door.
  7396 | D:7      | Noticed Crazy Yiuf
  7400 | D:7      | Killed Crazy Yiuf
  7470 | D:8      | Noticed Maggie
  7476 | D:8      | Killed Maggie
  7619 | D:8      | Found a basalt altar of Yredelemnul.
  7620 | D:8      | Found an opulent altar of Gozag.
  7620 | D:8      | Found a glowing silver altar of Zin.
  7624 | D:8      | Found an iron altar of Okawaru.
  7624 | D:8      | Found a hide-covered altar of Uskayaw.
  7625 | D:8      | Found a sparkling altar of Nemelex Xobeh.
  7633 | D:8      | Offered knowledge of Static Discharge by Vehumet.
  7638 | D:8      | Noticed a two-headed ogre
  7650 | D:8      | Killed a two-headed ogre
  7713 | D:8      | Found a shadowy altar of Dithmenos.
  7830 | D:8      | Found an iron altar of Okawaru.
  7842 | D:8      | Found a shadowy altar of Dithmenos.
  8123 | D:8      | Reached skill level 5 in Armour
  8239 | D:8      | Reached **** piety under Vehumet
  8242 | D:8      | Reached skill level 5 in Fighting
  8244 | D:8      | Found a snail-covered altar of Cheibriados.
  8250 | D:8      | Found a sacrificial altar of Ru.
  8251 | D:8      | Found an ornate altar of the Wu Jian Council.
  8652 | D:9      | Offered knowledge of Bolt of Magma by Vehumet.
  8659 | D:9      | Learned a level 5 spell: Bolt of Magma
  8848 | D:9      | Noticed Erolcha
  8859 | D:9      | Killed Erolcha
  8860 | D:9      | Reached skill level 1 in Fire Magic
  8860 | D:9      | Reached skill level 9 in Earth Magic
  8860 | D:9      | Reached XP level 11. HP: 40/64 MP: 2/20
  8956 | D:9      | Found a shimmering altar of Xom.
  8982 | D:9      | Reached skill level 5 in Maces & Flails
  9294 | D:9      | Found a staircase to the Lair.
  9451 | D:10     | Entered Level 10 of the Dungeon
  9475 | D:10     | Noticed a centaur warrior
  9484 | D:10     | Killed a centaur warrior
  9490 | D:10     | Noticed a two-headed ogre
  9494 | D:10     | Killed a two-headed ogre
  9609 | D:10     | Noticed Joseph
  9629 | D:10     | Killed Joseph
  9804 | D:10     | Got a faintly humming leather armour
  9815 | D:10     | Identified the cursed +1 leather armour of Efireuch
                  | {Rampage *Slow MR+++ Slay-3} (You found it on level 10 of
                  | the Dungeon)
  9851 | D:10     | Noticed Fannar
  9868 | D:10     | Killed Fannar
  9886 | D:10     | Reached skill level 5 in Evocations
 10317 | D:10     | Noticed a two-headed ogre
 10321 | D:10     | Noticed a two-headed ogre
 10323 | D:10     | Killed a two-headed ogre
 10323 | D:10     | Killed a two-headed ogre
 10324 | D:10     | Reached skill level 5 in Dodging
 10404 | D:10     | Noticed a two-headed ogre
 10409 | D:10     | Killed a two-headed ogre
 10521 | D:10     | Reached XP level 12. HP: 71/71 MP: 22/22
 10568 | D:10     | Reached ***** piety under Vehumet
 10570 | D:10     | Offered knowledge of Starburst by Vehumet.
 10579 | D:10     | Learned a level 6 spell: Starburst
 11020 | D:10     | Noticed a two-headed ogre
 11020 | D:10     | Noticed a two-headed ogre
 11020 | D:10     | Noticed a two-headed ogre
 11028 | D:10     | Killed a two-headed ogre
 11029 | D:10     | Reached skill level 5 in Fire Magic
 11030 | D:10     | Killed a two-headed ogre
 11030 | D:10     | Killed a two-headed ogre
 11045 | D:10     | Got an ichor-stained rapier
 11046 | D:10     | Identified the +7 rapier of Caenkile {vorpal, +Rage +Inv
                  | Dex+3} (You found it on level 10 of the Dungeon)
 11129 | D:11     | Found a staircase to the Orcish Mines.
 11292 | D:11     | Reached skill level 10 in Earth Magic
 11391 | D:11     | Noticed a boulder beetle
 11408 | D:11     | Killed a boulder beetle
 11646 | D:11     | Found a shimmering blue altar of Sif Muna.
 11801 | D:11     | Found Biliav's Jewellery Boutique.
 12459 | D:12     | Found a flagged portal.
 12462 | Bailey   | Entered a bailey
 12467 | Bailey   | Noticed an orc warlord
 12533 | Bailey   | Found a runed translucent gate.
 12536 | Bailey   | Found a runed translucent gate.
 12540 | Bailey   | Found a runed translucent gate.
 12794 | Bailey   | Killed an orc warlord
 12842 | Bailey   | Identified a scroll of acquirement
 12842 | Bailey   | Acquired 947 gold pieces
 13061 | D:12     | Noticed Jorgrun
 13074 | D:11     | Killed Jorgrun
 13075 | D:11     | Reached XP level 13. HP: 12/76 MP: 8/24
 13935 | D:12     | Noticed Urug
 13954 | D:12     | Killed Urug
 14958 | D:13     | Noticed Sonja
 14966 | D:13     | Reached skill level 11 in Earth Magic
 15226 | D:13     | Killed Sonja
 15576 | D:13     | Found Ryxest's Weapon Shop.
 15858 | D:14     | Noticed Azrael
 15866 | D:14     | Offered knowledge of Fulminant Prism by Vehumet.
 15874 | D:14     | HP: 1/78 [Azrael/+2 scimitar of flaming (8)]
 15874 | D:14     | Slain by Azrael

Illustrated notes

Levels and vault maps discovered:
D:1:      scummos_arrival_simple_fountains, layout_loops_corners,
          serial_bayou_pond_b, minmay_unequal
D:2:      wad_crossroads, layout_loops_corners, elyvilon_altar_1, uniq_jessica
D:3:      layout_basic, uniq_terence
D:4:      layout_basic, minmay_temple_entry_water_ring, serial_shops, shop
D:5:      cheibrodos_two_vegetables, layout_basic, basic_altar,
          fedhas_bush_and_centaur_altar
D:6:      layout_loops_cross
D:7:      layout_basic, nicolae_overflow_crystal_walls, gammafunk_ghost_arena,
          uniq_harold, uniq_crazy_yiuf_cottage
D:8:      layout_basic, grunt_temple_overflow_open, general_overflow_altar,
          chequers_temple_overflow_statue_of_worship, basic_altar,
          grunt_dithmenos_shadows, uniq_maggie
D:9:      layout_basic, xom_confusion_cloud, grunt_lair_entry_orc_guard_hut,
          nrook_campfire, uniq_erolcha
D:10:     lemuel_ogre_cave, layout_basic, kennysheep_nondescript, minmay_bent,
          uniq_fannar, uniq_joseph
D:11:     layout_loops_corners, orc_0_dummy, serial_shops, shop_fountains,
          abandoned_shop, tgw_sif
D:12:     layout_loops_ring, enter_bailey_8, uniq_urug, uniq_jorgrun
D:13:     layout_roguey, serial_shops, kennysheep_little_box, uniq_sonja
D:14:     layout_roguey, grunt_vaults_entry_tiered, bh_walls_and_bars,
          uniq_azrael
Temple:   kb_corrupted_temple

Skill      XL: |  1  2  3  4  5  6  7  8  9 10 11 12 13 |
---------------+----------------------------------------+-----
Earth Magic    | 4 5 6 7 8 9 10 11 | 11.1
Conjurations   | 1 2 3 4 5 6 7 8 9 |  9.3
Spellcasting   | 3 4 5 6 7 8 |  8.3
Fighting       | 1 2 4 5 6 7 8 |  8.2
Armour         | 1 2 4 5 6 |  6.0
Evocations     | 1 2 3 4 5 6 |  6.3
Maces & Flails | 1 2 3 4 5 6 7 |  7.5
Dodging        | 2 3 4 5 6 |  6.5
Fire Magic     | 1 4 6 8 |  8.2
Stealth        | |  2.1
Transmutations | |  0.7

Action                   |  1- 3 |  4- 6 |  7- 9 | 10-12 | 13-15 || total
-------------------------+-------+-------+-------+-------+-------++-------
Melee: Mace              |   141 |   127 |    47 |       |       ||   315
       Kick              |       |       |    17 |    90 |    14 ||   121
       Morningstar       |       |       |    82 |   242 |       ||   324
       Rapier            |       |       |       |   165 |    98 ||   263
 Cast: Sandblast         |    13 |    41 |    98 |    69 |    16 ||   237
       Lee's Rapid Decon |       |     1 |     7 |    24 |    11 ||    43
       Stone Arrow       |       |       |       |    10 |       ||    10
       Bolt of Magma     |       |       |       |    50 |    57 ||   107
Evoke: Wand              |       |       |     9 |     8 |     6 ||    23
  Use: Scroll            |       |    11 |    12 |    12 |     4 ||    39
       Potion            |       |     1 |     1 |     5 |     6 ||    13
 Stab: Sleeping          |     4 |     4 |     1 |     6 |     1 ||    16
       Distracted        |     1 |       |       |       |       ||     1
Armor: Robe              |    77 |    70 |    99 |    24 |       ||   270
       Steam dragon scal |       |       |       |   242 |    70 ||   312
Dodge: Dodged            |   126 |   134 |   174 |   380 |   111 ||   925

Table legend: (Time is in decaauts)
 A = Elapsed time spent in this place.
 B = Non-inter-level travel time spent in this place.
 C = Inter-level travel time spent in this place.
 D = Time resting spent in this place.
 E = Time spent auto-exploring this place.
 F = Levels seen in this place.
 G = Mean time per level.
                   A        B        C        D        E       F      G
               +--------+--------+--------+--------+--------+-----+--------+
         Total |  16215 |  15735 |    480 |   2910 |   9081 |  16 | 1013.4 |
       Dungeon |  15588 |  15122 |    466 |   2799 |   8904 |  14 | 1113.4 |
        Temple |     81 |     67 |     14 |      0 |     45 |   1 |   81.0 |
        Bailey |    545 |    545 |      0 |    111 |    131 |   1 |  545.0 |
               +--------+--------+--------+--------+--------+-----+--------+

Top non-repeatable levels by time:
    D:11: 1759 daAuts
    D:10: 1699 daAuts
     D:2: 1537 daAuts
     D:1: 1471 daAuts
    D:12: 1353 daAuts
     D:5: 1339 daAuts
     D:9: 1048 daAuts
     D:3: 1040 daAuts
    D:13: 1000 daAuts
     D:8: 979 daAuts
     D:6: 836 daAuts
     D:4: 683 daAuts
     D:7: 683 daAuts
  Bailey: 545 daAuts
    D:14: 156 daAuts
